 Dungeon Crawl Stone Soup version 0.20.1-1-g8b1a95d (webtiles) character file.

2492 Irenicus the Cleaver (level 9, -4/75 HPs)
             Began as a Deep Dwarf Monk on Oct 27, 2017.
             Was a Believer of Makhleb.
             Slain by an orc warrior
             ... wielding a +0 hand axe
              (11 damage)
             ... in a bailey.
             The game lasted 00:21:27 (4965 turns).

Irenicus the Cleaver (Deep Dwarf Monk)              Turns: 4965, Time: 00:21:27

Health: -4/75      AC:  6    Str: 17    XL:     9   Next: 27%
Magic:  5/5        EV: 14    Int: 11    God:    Makhleb [**....]
Gold:   215        SH:  0    Dex: 16    Spells: 7/8 levels left

rFire    . . .     SeeInvis .   O - +2 war axe (chop)
rCold    . . .     Gourm    .   (no shield)
rNeg     . . .     Faith    .   m - +1 leather armour
rPois    .         Spirit   .   (no helmet)
rElec    .         Reflect  .   L - +0 cloak
rCorr    +         Harm     .   (no gloves)
MR       +....                  (no boots)
Stlth    ++........             (no amulet)
Regen    0.0/turn               B - ring of resist corrosion
MPRegen  0.1/turn               h - +1 ring of protection

@: non-regenerating
A: damage resistance, heal wounds, clumsy 1, sense surroundings 2, strong 1, no
regeneration
a: Heal Wounds, Minor Destruction, Renounce Religion


You were in a bailey.
You worshipped Makhleb.
Makhleb was pleased with you.
You were very hungry.

You visited 2 branches of the dungeon, and saw 8 of its levels.
You also visited: Sewer and Bailey.

You collected 215 gold pieces.

Inventory:

Hand Weapons
 a - a +0 hand axe
 O - a +2 war axe of chopping (weapon)
Missiles
 q - a throwing net (quivered)
Armour
 b - a +0 robe
 m - a +1 leather armour (worn)
 L - a +0 cloak (worn)
Jewellery
 h - a +1 ring of protection (right hand)
 j - an uncursed ring of stealth
 o - an uncursed ring of ice
 u - an uncursed ring of fire
 B - a ring of resist corrosion (left hand)
Wands
 A - a wand of polymorph (1/24)
 H - a wand of confusion (9/48)
 J - a wand of polymorph (10/24)
 K - a wand of flame (11/48)
 P - a wand of iceblast (5/15)
Scrolls
 e - 5 scrolls of identify
 i - 4 scrolls of fog
 k - 2 scrolls of random uselessness
 n - 3 scrolls of recharging
 p - 4 scrolls of blinking
 s - 3 scrolls of enchant armour
 t - 3 scrolls of remove curse
 x - a scroll of fear {unknown}
 y - 2 scrolls of amnesia {unknown}
 z - 2 scrolls of magic mapping
 E - 2 scrolls of teleportation {unknown}
 G - a scroll of noise {unknown}
Potions
 d - 2 potions of heal wounds
 f - 2 potions of brilliance
 g - a potion of haste
 l - a potion of resistance
 w - a potion of might
 I - a potion of agility
Books
 C - a book of Conjurations

   Spells                             Type                      Level
   a - Magic Dart                     Conjuration                  1
   b - Searing Ray                    Conjuration                  2
   c - Dazzling Spray                 Conjuration/Hexes            3
   d - Fulminant Prism                Conjuration/Hexes            4
   e - Force Lance                    Conjuration/Translocation    4
   f - Iskenderun's Mystic Blast      Conjuration                  4
 F - Cadioz's Reference Book on Dark Arcane Weapons
   (You found it on level 4 of the Dungeon)

   Spells                             Type                      Level
   a - Animate Skeleton               Necromancy                   1
   b - Throw Frost                    Conjuration/Ice              2
   c - Static Discharge               Conjuration/Air              3
   d - Bolt of Fire                   Conjuration/Fire             6
   e - Orb of Destruction             Conjuration                  7
 M - a book of Callings

   Spells                             Type                      Level
   a - Summon Small Mammal            Summoning                    1
   b - Call Imp                       Summoning                    2
   c - Call Canine Familiar           Summoning                    3
   d - Summon Guardian Golem          Hexes/Summoning              3
   e - Summon Lightning Spire         Summoning/Air                4
   f - Summon Ice Beast               Ice/Summoning                4
 N - a book of Cantrips

   Spells                             Type                      Level
   a - Confusing Touch                Hexes                        1
   b - Animate Skeleton               Necromancy                   1
   c - Summon Small Mammal            Summoning                    1
   d - Apportation                    Translocation                1
Comestibles
 c - 3 bread rations
 r - 3 royal jellies
 v - 3 fruits
 D - 4 meat rations


   Skills:
 - Level 3.1 Fighting
 + Level 13.2 Axes
 - Level 4.0 Dodging
 - Level 2.4 Stealth
 - Level 1.0 Evocations


You had 7 spell levels left.
You knew the following spells:

 Your Spells              Type           Power        Failure   Level  Hunger
a - Animate Skeleton      Necr           N/A          41%         1    ##.....


Dungeon Overview and Level Annotations

Branches:
Dungeon (7/15)             Temple (1/1) D:4

Altars:
Ashenzari
Cheibriados
Dithmenos
Elyvilon
Fedhas
Gozag
Hepliaklqana
Kikubaaqudgha
Makhleb
Nemelex Xobeh
Okawaru
Qazlal
Ru
Sif Muna
Trog
Uskayaw
Vehumet
Xom
Yredelemnul
Zin
The Shining One


Innate Abilities, Weirdness & Mutations

You are resistant to damage.
You can heal yourself by infusing magical energy.
You passively map the area around you.
You do not regenerate.
You are clumsy. (Dex -2)
Your muscles are strong. (Str +2)


Message History

The orc warrior hits you with a hand axe!
* * * LOW HITPOINT WARNING * * *
You closely miss the orc warrior.
The orc warrior is severely wounded.
You barely miss the gnoll. You hit the orc but do no damage.
The gnoll closely misses you. The orc barely misses you.
You closely miss the orc warrior.
The orc warrior is severely wounded.
You hit the orc.
You kill the orc!
Makhleb accepts your kill.
You hit the gnoll but do no damage.
The orc warrior hits you with a hand axe!
* * * LOW HITPOINT WARNING * * *
The gnoll barely misses you.
You hit the gnoll.
The gnoll is moderately wounded.
You closely miss the orc warrior.
The orc warrior hits you with a hand axe!
You die...

* *####.......#### *
≈≈≈≈≈.........≈≈≈ ≈
≈ ≈ ≈
≈≈≈≈≈≈...≈≈≈≈≈≈≈≈≈≈≈
≈
≈≈≈≈≈≈≈≈≈...≈≈≈≈≈≈≈
≈ ≈ ≈≈≈
≈≈≈≈≈≈...≈≈≈≈≈≈≈ ≈
≈≈≈≈≈≈...≈≈≈≈≈≈≈ ≈
≈≈ ≈
*##≈≈≈≈...≈≈≈≈### *
≈ ≈≈ ≈ *,
#...........#, +, ≈
≈ , #####'@'##### ≈≈
, * +.)og.+ ,* , * ≈
* ,, +.....+ , ≈ ≈ *
,#..⌠..# ≈
,,,#.....# ≈ ≈ * 8
#.....# * ≈ ≈
####### , ≈ ≈, ,8,
** * , , , , , , , *
≈ ≈


You could see an orc warrior and a gnoll.

Vanquished Creatures
  A hog (D:4)
  Edmund (D:4)
  A water moccasin (D:5)
  A hornet zombie (D:4)
  An ice beast (D:6)
  A black bear (D:7)
  2 ogres
  A centaur (D:7)
  Blork the orc (D:6)
  A water moccasin zombie (D:7)
  4 bullfrogs
  3 scorpions
  3 howler monkeys
  6 crimson imps
  A hound (D:5)
  A centaur zombie (D:6)
  A jelly (D:6)
  4 orc priests
  2 iguanas
  An orc wizard (D:6)
  A bullfrog skeleton (D:5)
  Ijyb (D:5)
  2 worker ants
  A hound skeleton (D:5)
  A worker ant zombie (D:5)
  15 adders
  5 river rats (Sewer)
  2 oozes
  An adder zombie (D:7)
  A worm (D:6)
  2 dart slugs
  6 leopard geckos
  10 orcs
  13 ball pythons
  3 giant cockroaches
  9 goblins
  10 hobgoblins
  6 jackals
  4 quokkas
  7 bats
  11 frilled lizards
  A jackal skeleton (D:6)
  8 kobolds
  A leopard gecko skeleton (D:4)
  27 rats
185 creatures vanquished.

Notes
Turn   | Place    | Note
-------+----------+-------------------------------------------
     0 | D:1      | Irenicus the Deep Dwarf Monk began the quest for the Orb.
     0 | D:1      | Reached XP level 1. HP: 20/20 MP: 1/1
   224 | D:1      | Reached XP level 2. HP: 25/27 MP: 2/2
   225 | D:1      | Reached skill level 4 in Axes
   603 | D:1      | Reached XP level 3. HP: 22/33 MP: 3/3
   922 | D:2      | Reached skill level 5 in Axes
   946 | D:2      | Found a bloodstained altar of Trog.
  1095 | D:2      | Reached XP level 4. HP: 6/42 MP: 4/4
  1358 | D:2      | Found a sparkling altar of Nemelex Xobeh.
  1401 | D:2      | Found a glowing golden altar of the Shining One.
  1733 | D:3      | Found a glowing drain.
  1742 | Sewer    | Entered a sewer
  1935 | Sewer    | Reached XP level 5. HP: 19/49 MP: 5/5
  2015 | Sewer    | Reached skill level 6 in Axes
  2075 | Sewer    | Reached XP level 6. HP: 36/56 MP: 4/4
  2078 | Sewer    | Reached skill level 7 in Axes
  2495 | D:4      | Noticed Edmund
  2564 | D:4      | Gained mutation: You are clumsy. (Dex -2) [potion of mutation]
  2564 | D:4      | Gained mutation: Your muscles are strong. (Str +2) [potion of mutation]
  2575 | D:4      | Killed Edmund
  2575 | D:4      | Reached skill level 8 in Axes
  2594 | D:4      | Reached XP level 7. HP: 29/62 MP: 5/5
  2662 | D:4      | Reached skill level 9 in Axes
  2910 | D:4      | Identified Cadioz's Reference Book on Dark Arcane Weapons
  2914 | D:4      | Learned a level 1 spell: Animate Skeleton
  2942 | D:4      | Found a staircase to the Ecumenical Temple.
  2959 | Temple   | Entered the Ecumenical Temple
  3108 | D:4      | Noticed a hog
  3108 | D:4      | an ogre changed into a hog
  3130 | D:4      | Killed a hog
  3252 | D:5      | Entered Level 5 of the Dungeon
  3275 | D:5      | Reached skill level 10 in Axes
  3281 | D:5      | Reached XP level 8. HP: 40/69 MP: 5/5
  3383 | D:5      | Noticed Ijyb
  3418 | D:5      | Killed Ijyb
  3481 | D:5      | HP: 2/69 [ogre/giant club (9)]
  3515 | D:5      | Reached skill level 11 in Axes
  3539 | D:5      | Reached skill level 1 in Evocations
  3931 | D:6      | Reached skill level 12 in Axes
  4011 | D:6      | Found an iron altar of Okawaru.
  4283 | D:6      | Noticed Blork the orc
  4300 | D:6      | Killed Blork the orc
  4300 | D:6      | Gained mutation: You passively map the area around you. [Deep Dwarf growth]
  4300 | D:6      | Reached XP level 9. HP: 20/75 MP: 6/6
  4520 | D:7      | Found a shadowy altar of Dithmenos.
  4733 | D:7      | Reached skill level 13 in Axes
  4775 | D:7      | Found a radiant altar of Vehumet.
  4857 | D:7      | Found a white marble altar of Elyvilon.
  4858 | D:7      | Found a burning altar of Makhleb.
  4858 | D:7      | Found a hazy altar of Hepliaklqana.
  4858 | D:7      | Found an opulent altar of Gozag.
  4859 | D:7      | Found a blossoming altar of Fedhas.
  4860 | D:7      | Found a basalt altar of Yredelemnul.
  4863 | D:7      | Became a worshipper of Makhleb the Destroyer
  4863 | D:7      | Reached * piety under Makhleb
  4863 | D:7      | Reached ** piety under Makhleb
  4930 | D:7      | Found a flagged portal.
  4937 | Bailey   | Entered a bailey
  4965 | Bailey   | Slain by an orc warrior

Skill      XL: |  1  2  3  4  5  6  7  8  9 |
---------------+----------------------------+-----
Axes           | 4 5 6 8 10 12 13 | 13.2
Fighting       | 3 |  3.1
Dodging        | 4 |  4.0
Evocations     | 1 |  1.0
Stealth        | |  2.4

Action                   |  1- 3 |  4- 6 |  7- 9 || total
-------------------------+-------+-------+-------++-------
Melee: Hand axe          |   119 |   255 |   372 ||   746
       Unarmed           |       |     4 |       ||     4
       War axe           |       |       |    46 ||    46
Throw: Throwing net      |       |     1 |     1 ||     2
 Abil: Heal Wounds       |       |     5 |    15 ||    20
Evoke: Wand              |       |       |     8 ||     8
  Use: Potion            |       |     9 |     7 ||    16
       Scroll            |       |     3 |    12 ||    15
 Stab: Sleeping          |     2 |     5 |     9 ||    16
       Distracted        |     1 |       |     1 ||     2
       Held in net/web   |       |     1 |       ||     1
       Confused          |       |       |     3 ||     3
  Eat: Chunk             |       |     6 |     7 ||    13
Armor: Robe              |    16 |       |       ||    16
       Leather armour    |     2 |    50 |    49 ||   101
       Skin              |       |       |     7 ||     7
Dodge: Dodged            |    93 |   194 |   226 ||   513
